 Dungeon Crawl Stone Soup version 0.29.1-13-g9f3cf754e1 (webtiles) character file.

Game seed: 7734468578594666122

164 croobank the Sneak (level 5, -1/37 HPs)
             Began as an Octopode Delver on Feb 11, 2023.
             Slain by an orc
             ... wielding a +0 flail
              (8 damage)
             ... on level 3 of the Dungeon.
             The game lasted 00:31:55 (3394 turns).

croobank the Sneak (Octopode Delver)                Turns: 3394, Time: 00:31:56

Health: -1/37      AC:  1    Str: 11    XL:     5   Next: 45%
Magic:  5/5        EV: 14    Int: 14    God:
Gold:   211        SH:  0    Dex: 20    Spells: 4/4 levels left

rFire   . . .      SeeInvis .   a - +0 hand axe
rCold   + . .      Faith    .   (no shield)
rNeg    . . .      Spirit   .   (helmet restricted)
rPois   .          Reflect  .   (no amulet)
rElec   .          Harm     .   i - ring of protection from cold
rCorr   .          Rampage  .   s - +6 ring of dexterity
Will    .....                   (no ring)
Stlth   +++++.....              (no ring)
HPRegen 0.12/turn               (no ring)
MPRegen 0.09/turn               (no ring)
                                (no ring)
                                (no ring)

@: mighty
A: almost no armour, amphibious, 8 rings, camouflage 1, gelatinous body 1,
(nimble swimmer 1), tentacles
a: no special abilities


You were on level 3 of the Dungeon.
You visited 1 branch of the dungeon, and saw 7 of its levels.

You collected 211 gold pieces.

Inventory:

Hand Weapons
 a - a +0 hand axe (weapon)
 b - a +0 sling
 o - a +2 war axe of electrocution
 p - a +0 dagger
 v - a +0 rapier
Missiles
 n - 10 poisoned darts (quivered)
 r - 5 boomerangs
Jewellery
 i - a ring of protection from cold (left tentacle)
 s - a +6 ring of dexterity (right tentacle)
Wands
 f - a wand of digging (3)
Scrolls
 c - a scroll of magic mapping
 d - a scroll of fear
 l - a scroll of brand weapon
 u - a scroll of fog
Potions
 e - a potion of haste
 j - 3 potions of invisibility
 k - a potion of might
 t - 2 potions of flight
 x - a potion of curing {unknown}


   Skills:
 + Level 3.9 Fighting
 + Level 3.1 Axes
 + Level 3.1 Dodging
 + Level 7.6 Stealth


You had 4 spell levels left.
You didn't know any spells.
Your spell library was empty.

Dungeon Overview and Level Annotations

Branches:
Dungeon (7/15)             Temple (0/1) D:5

Altars:
Fedhas
Trog


Innate Abilities, Weirdness & Mutations

You cannot wear most types of armour.
You are amphibious.
You can wear up to eight rings at the same time.
Your skin changes colour to match your surroundings (Stealth+).
Your rubbery body absorbs attacks. (AC +1, EV +1)
((You are camouflaged when in or above water. (Stealth+)))
You have tentacles for arms and can constrict up to eight enemies at once.


Message History

You hit the gnoll but do no damage.
You constrict the gnoll, but do no damage.
The gnoll closely misses you. The gnoll barely misses you.
You closely miss the gnoll. Your grab misses the gnoll. You squeeze the gnoll.
The gnoll is heavily wounded.
You hit the gnoll but do no damage. You constrict the gnoll.
You kill the gnoll!
A giant cockroach comes into view.
The gnoll barely misses you.
An orc comes into view. It is wielding a +0 flail.
The gnoll hits you with a +0 club! The gnoll hits you with a +0 club.
You slash the gnoll!
You kill the gnoll!
You hit the gnoll but do no damage.
An orc comes into view. It is wielding a +0 mace.
The gnoll hits you with a +0 club!
* * * LOW HITPOINT WARNING * * *
You feel very mighty all of a sudden. The giant cockroach closely misses you.
The gnoll barely misses you.
You slash the gnoll! You grab the gnoll.
The gnoll is almost dead.
You hit the giant cockroach. You constrict the gnoll.
The giant cockroach bites you.
* * * LOW HITPOINT WARNING * * *
An orc comes into view. It is wielding a +0 flail.
The gnoll barely misses you. The giant cockroach misses you.
You hit the giant cockroach. You grab the giant cockroach.
Your squeeze misses the giant cockroach.
The giant cockroach is severely wounded.
You slash the gnoll!
You kill the gnoll!
You constrict the giant cockroach.
You kill the giant cockroach!
You slash the orc!
You kill the orc!
You slash the orc!
You kill the orc!
You barely miss the orc. Your grab misses the orc. Your squeeze misses the orc.
The orc hits you with a +0 flail!
You die...

##...#.....#.........#
#####.##....#######..
#.##...## .# .
#.##...# ..# #.##...#
#...# #.##...# #..
#<##...# #.. #.##...#
#...# #.#...@# #
#....)o# #......# ##
#....... ... #.....##
.... #.....# ....
#.#..## .... #.#.#
.... [..


You could see an orc.

Vanquished Creatures
  An orc wizard (D:3)
  7 adders
  3 gnolls (D:3)
  4 orcs (D:3)
  5 bats
  6 endoplasms
  3 giant cockroaches
  A goblin (D:1)
  2 hobgoblins
  2 jackals (D:1)
  A quokka (D:2)
  5 ball pythons
  A frilled lizard (D:1)
  5 kobolds
  3 rats
49 creatures vanquished.

Vanquished Creatures (others)
  6 fungi (D:2)
6 creatures vanquished.

Grand Total: 55 creatures vanquished

Notes
Turn   | Place    | Note
-------+----------+-------------------------------------------
     0 | D:5      | croobank the Octopode Delver began the quest for the Orb.
     0 | D:5      | Reached XP level 1. HP: 16/16 MP: 1/1
   114 | D:7      | Noticed a jelly
   114 | D:7      | Noticed an ice beast
   122 | D:6      | Noticed a phantom
   125 | D:6      | Found a blossoming altar of Fedhas.
   400 | D:5      | Found a staircase to the Ecumenical Temple.
   400 | D:5      | Noticed an orc priest
   416 | D:5      | Noticed a phantom
   436 | D:4      | Reached XP level 2. HP: 7/21 MP: 2/2
   746 | D:3      | Reached XP level 3. HP: 17/26 MP: 3/3
  1129 | D:1      | Reached skill level 7 in Stealth
  1742 | D:1      | Found a faded altar of an unknown god.
  2362 | D:2      | Reached XP level 4. HP: 23/31 MP: 4/4
  3093 | D:3      | Reached XP level 5. HP: 22/37 MP: 5/5
  3329 | D:3      | Found a bloodstained altar of Trog.
  3394 | D:3      | Slain by an orc

Illustrated notes

Levels and vault maps discovered:
D:1:      doesnt_arrival_eight_statues, layout_basic,
          hellmonk_ecumenical_altar_run_dry, chequers_serial_rivers_micro_c,
          chequers_garden
D:2:      layout_loops_ring, minmay_misc_feat_ornament,
          minmay_shallow_snake_nest
D:3:      cheibrodos_pilgrimage, layout_rooms, mainiacjoe_overflow_paths,
          mainiacjoe_overflow_small_starburst, kennysheep_orc_chapel
D:4:      layout_rooms, serial_shops, shop
D:5:      layout_rooms, nicolae_wu_jian_wuxing_cycle,
          minmay_temple_entry_proselytizer, uniq_edmund
D:6:      nicolae_cairo_tiling, layout_loops_ring, fedhas_altar_2,
          minmay_manual_mess
D:7:      layout_loops_ring, makhleb_heckhound_becter,
          nicolae_overflow_hidden_temple, serial_bayou_pond_b

Skill      XL: |  1  2  3  4 |
---------------+-------------+-----
Stealth        | 7 |  7.6
Axes           | 3 |  3.1
Dodging        | 3 |  3.1
Fighting       | |  3.9

Action                   |  1- 3 |  4- 6 || total
-------------------------+-------+-------++-------
Melee: Hand axe          |    58 |    44 ||   102
       Constrict         |    12 |     9 ||    21
       Tentacles         |     5 |     8 ||    13
Throw: Dart              |     3 |       ||     3
  Use: Scroll            |     7 |     2 ||     9
       Potion            |       |     1 ||     1
 Stab: Sleeping          |    16 |     6 ||    22
       Distracted        |     1 |       ||     1
Armor: Skin              |     5 |     2 ||     7
Dodge: Dodged            |    28 |    26 ||    54
